 Dungeon Crawl Stone Soup version 0.28.0-53-g5a82cb258f (webtiles) character file.

Game seed: 7789041279365407488

39 pkoi the Shield-Bearer (level 3, 0/30 HPs)
             Began as a Demigod Fighter on June 6, 2022.
             Frozen to death by an endoplasm (3 damage)
             ... on level 2 of the Dungeon.
             The game lasted 00:01:45 (1183 turns).

pkoi the Shield-Bearer (Demigod Fighter)            Turns: 1183, Time: 00:01:46

Health: 0/30       AC:  6    Str: 17    XL:     3   Next: 13%
Magic:  5/5        EV:  8    Int: 14    God:
Gold:   26         SH:  4    Dex: 13    Spells: 2/2 levels left

rFire   . . .      SeeInvis .     - Unarmed
rCold   . . .      Faith    .   b - +0 buckler
rNeg    . . .      Spirit   .   a - +0 scale mail
rPois   .          Reflect  .   (no helmet)
rElec   .          Harm     .   (no cloak)
rCorr   .          Rampage  .   (no gloves)
Will    .....                   (no boots)
Stlth   ..........              (no amulet)
HPRegen 0.10/turn               (no ring)
MPRegen 0.09/turn               (no ring)

@: no status effects
A: high MP 1, forlorn, divine attributes
a: no special abilities


You were on level 2 of the Dungeon.
You visited 1 branch of the dungeon, and saw 2 of its levels.

You collected 26 gold pieces.

Inventory:

Missiles
 f - 2 boomerangs (quivered)
 h - a throwing net
Armour
 a - a +0 scale mail (worn)
 b - a +0 buckler (worn)
Scrolls
 g - a scroll of magic mapping {unknown}
 j - 3 scrolls of immolation {unknown}
Potions
 c - a potion of might
 d - a potion of lignification {unknown}
 e - a potion of mutation {unknown}
 i - a potion of curing {unknown}


   Skills:
 - Level 2.6 Fighting
 - Level 2.6 Armour
 + Level 3.1 Shields
 * Level 3.0 Unarmed Combat


You had 2 spell levels left.
You didn't know any spells.
Your spell library contained the following spells:

 Spells                   Type           Power      Damage    Failure   Level
 Ozocubu's Armour         Ice            0%         N/A       98%         3
 Metabolic Englaciation   Hex/Ice        0%         N/A       100%        5
 Simulacrum               Ice/Necr       0%         N/A       100%        6


Dungeon Overview and Level Annotations

Branches:
Dungeon (2/15)

Annotations:
D:2 Natasha


Innate Abilities, Weirdness & Mutations

You have an increased reservoir of magic. (+10% MP)
You shall have no god before yourself.
Your divine heritage dramatically boosts your attributes as you level up.


Message History

The endoplasm closely misses you. Natasha closely misses you.
You closely miss Natasha.
Natasha is moderately wounded.
The endoplasm hits you but does no damage.
Natasha claws you.
* * * LOW HITPOINT WARNING * * *
The endoplasm freezes you.
You are frozen.
* * * LOW HITPOINT WARNING * * *
You closely miss Natasha.
Natasha is moderately wounded.
You block Natasha's attack. The endoplasm freezes you.
You are frozen.
* * * LOW HITPOINT WARNING * * *
Unknown command.
You completely miss Natasha.
Natasha is moderately wounded.
Natasha closely misses you. The endoplasm closely misses you.
Natasha closely misses you.
Unknown command.
You block the endoplasm's attack. Natasha claws you but does no damage.
The endoplasm barely misses you.
Natasha mumbles some strange words.
Natasha glows brightly for a moment.
Natasha closely misses you.
An endoplasm comes into view.
Natasha mumbles some strange words.
You block the crimson imp's attack.
Natasha stares at you and mumbles some strange words.
You resist with some effort.
A rat comes into view.
Found a stone staircase leading up.
The endoplasm hits you but does no damage.
The crimson imp completely misses you. Natasha claws you.
* * * LOW HITPOINT WARNING * * *
You feel yourself speed up. The endoplasm freezes you.
You are frozen.
You die...

.......... ..........
........## #...r...# #
#.......##.#. .##
#............ ..##
#.........<. ...
####JJ@<......
#.###...5.........
#.......h.......#.
######...#.##....#####. ##
............##..## .........
#. ....####.#†.###.#
#........####. .
.####........###........#....
.......>.....................
.#####.?......##.............


You could see Natasha, a crimson imp (summoned), 2 endoplasms and a rat.

Vanquished Creatures
  2 ball pythons (D:2)
  3 endoplasms
  A giant cockroach (D:1)
  3 goblins
  3 hobgoblins
  4 jackals (D:2)
  4 quokkas
  2 bats (D:1)
  4 frilled lizards (D:1)
  4 kobolds (D:1)
  6 rats
36 creatures vanquished.

Notes
Turn   | Place    | Note
-------+----------+-------------------------------------------
     0 | D:1      | pkoi the Demigod Fighter began the quest for the Orb.
     0 | D:1      | Reached XP level 1. HP: 18/18 MP: 3/3
   260 | D:1      | Reached XP level 2. HP: 25/25 MP: 4/4
   940 | D:2      | Reached XP level 3. HP: 27/30 MP: 5/5
  1163 | D:2      | Noticed Natasha
  1183 | D:2      | Frozen to death by an endoplasm

Illustrated notes

Levels and vault maps discovered:
D:1:      eino_arrival_cavern_a, layout_loops_ring, nrook_loot_triangle
D:2:      layout_rooms, minmay_pentomino_t4, uniq_natasha

Skill      XL: |  1  2  3 |
---------------+----------+-----
Unarmed Combat | 2 3 |  3.0
Shields        | 3 |  3.1
Fighting       | |  2.6
Armour         | |  2.6

Action                   || total
-------------------------++-------
Melee: Unarmed           ||   141
Armor: Scale mail        ||    62
Dodge: Dodged            ||    79
Block: Buckler           ||    33
